 Dungeon Crawl Stone Soup version 0.27-a0-1591-gc56fcc985a (webtiles) character file.

Game seed: 905154451193352332

275662 Delamore the End of an Era (level 21, -6/139 HPs)
             Began as a Formicid Fighter on July 19, 2021.
             Was the Champion of Qazlal.
             Killed from afar by a lindwurm (33 damage)
             ... with a blast of flame
             ... led by an ironbound beastmaster
             ... on level 1 of the Vaults.
             The game lasted 00:41:26 (43179 turns).

Delamore the End of an Era (Formicid Fighter)      Turns: 43179, Time: 00:41:27

Health: -6/139     AC: 28    Str: 30    XL:     21   Next: 20%
Magic:  0/33       EV: 13    Int:  9    God:    Qazlal [******]
Gold:   2864       SH: 31    Dex: 19    Spells: 35/35 levels left

rFire    . . .     SeeInvis +   S - +5 lajatang (freeze)
rCold    + . .     Faith    .   U - +0 tower shield
rNeg     + . .     Spirit   +   m - +3 plate armour of the Original Sin {Regen+}
rPois    +         Reflect  .   (helmet unavailable)
rElec    .         Harm     .   p - scarf {shadows}
rCorr    .         Rampage  .   j - +1 pair of gloves {Dex+3}
Will     +++..                  P - +2 pair of boots
Stlth    ..........             T - amulet "Affum" {Spirit rN+ Regen+}
HPRegen  2.33/turn              n - ring of protection from cold
MPRegen  0.23/turn              H - ring "Agiottas" {rPois Will+ Dex+6 SInv}

@: protected from physical damage, repel missiles
A: permanent stasis, dig shafts and tunnels, antennae 3, four strong arms,
[frail 2]
}: 2/15 runes: serpentine, barnacled
a: Dig, Shaft Self, Renounce Religion, Upheaval, Elemental Force, Disaster Area


You were on level 1 of the Vaults.
You worshipped Qazlal.
Qazlal was exalted by your worship.
You visited 7 branches of the dungeon, and saw 33 of its levels.
You visited the Abyss 2 times.

You collected 4523 gold pieces.
You spent 1659 gold pieces at shops.

Inventory:

Hand Weapons
 S - a +5 lajatang of freezing (weapon)
 Y - a +3 lajatang
Missiles
 q - 164 poisoned darts
 r - 9 throwing nets
 z - 6 curare-tipped darts
 I - 36 boomerangs (quivered)
 M - 10 atropa-tipped darts
 X - 66 silver javelins
Armour
 j - a +1 pair of gloves of dexterity (worn)
 m - the +3 plate armour of the Original Sin (worn) {Regen+}
   (You acquired it on level 1 of the Shoals)

   Regen:     It increases your rate of health regeneration.
 p - a scarf of shadows (worn)
 F - the +3 scale mail of Sire {Fly rN+ rCorr}
   (You found it on level 11 of the Dungeon)

   rN:        It protects you from negative energy.
   Fly:       It grants you flight.
   rCorr:     It protects you from acid and corrosion.
 P - a +2 pair of boots (worn)
 U - a +0 tower shield (worn)
Jewellery
 d - a ring of willpower
 k - a ring of flight
 n - a ring of protection from cold (left hand)
 s - the amulet "Nuollett" {Faith Drain rPois rF++ Int+9 Dex-4}
   (You took it off a merfolk on level 4 of the Shoals)

   [amulet of faith]

   It allows you to gain divine favour quickly.
   Int:       It affects your intelligence (+9).
   Dex:       It affects your dexterity (-4).
   rF:        It greatly protects you from fire.
   rPois:     It protects you from poison.
   Drain:     It drains your maximum health when unequipped.
 H - the ring "Agiottas" (right hand) {rPois Will+ Dex+6 SInv}
   (You took it off a centaur on level 11 of the Dungeon)

   [ring of dexterity]

   Dex:       It affects your dexterity (+6).
   rPois:     It protects you from poison.
   SInv:      It lets you see invisible.
   Will:      It increases your willpower.
 O - a ring of protection from fire
 T - the amulet "Affum" (around neck) {Spirit rN+ Regen+}
   (You found it on level 3 of the Lair of Beasts)

   [amulet of guardian spirit]

   It causes incoming damage to be divided between your reserves of health and
   magic.
   rN:        It protects you from negative energy.
   Regen:     It increases your rate of health regeneration.
 V - a ring of wizardry
Wands
 f - a wand of polymorph (41)
 t - a wand of digging (1)
 u - a wand of paralysis (17)
 A - a wand of flame (45)
 D - a wand of mindburst (41)
 E - a wand of acid (1)
 J - a wand of iceblast (64)
Scrolls
 h - 8 scrolls of amnesia
 i - 10 scrolls of immolation
 v - 17 scrolls of identify
 w - 7 scrolls of fog
 y - 2 scrolls of enchant armour
 C - 2 scrolls of fear
 G - 4 scrolls of summoning
 K - 3 scrolls of magic mapping
 Z - a scroll of silence
Potions
 a - 2 potions of heal wounds
 b - 7 potions of curing
 c - a potion of attraction
 e - 4 potions of cancellation
 g - 2 potions of brilliance
 l - 3 potions of flight
 o - 5 potions of magic
 x - 4 potions of might
 B - 3 potions of invisibility
 N - 2 potions of mutation
 Q - 4 potions of ambrosia
 R - 2 potions of resistance
Miscellaneous
 L - a tin of tremorstones (inert)


   Skills:
 + Level 17.1 Fighting
 - Level 16.0 Staves
 + Level 6.9 Throwing
 + Level 13.4 Armour
 + Level 8.1 Dodging
 - Level 15.8 Shields
 + Level 7.8 Spellcasting
 + Level 17.5 Invocations
 - Level 10.0 Evocations


You had 35 spell levels left.
You didn't know any spells.
Your spell library contained the following spells:

 Spells                   Type           Power      Damage    Failure   Level
 Apportation              Tloc           6%         N/A       73%         1
 Foxfire                  Conj/Fire      12%        2x1d4     73%         1
 Sandblast                Erth           6%         2d5       73%         1
 Passwall                 Tmut/Erth      2%         N/A       86%         2
 Sublimation of Blood     Necr           1%         N/A       86%         2
 Wereblood                Tmut           3%         N/A       86%         2
 Conjure Flame            Conj/Fire      3%         6-21      97%         3
 Ignite Poison            Fire/Tmut/Pois 3%         N/A       97%         3
 Inner Flame              Hex/Fire       3%         N/A       97%         3
 Mephitic Cloud           Conj/Pois/Air  3%         N/A       97%         3
 Ozocubu's Armour         Ice            3%         N/A       97%         3
 Portal Projectile        Hex/Tloc       6%         N/A       97%         3
 Stone Arrow              Conj/Erth      6%         3d7       97%         3
 Tukima's Dance           Hex            3%         N/A       97%         3
 Animate Armour           Summ/Erth      6%         N/A       100%        4
 Animate Dead             Necr           1%         N/A       100%        4
 Cause Fear               Hex            1%         N/A       100%        4
 Fulminant Prism          Conj/Hex       1%         3d6       100%        4
 Ice Form                 Ice/Tmut       3%         N/A       100%        4
 Iskenderun's Mystic Bla  Conj/Tloc      3%         2d3       100%        4
 Passage of Golubria      Tloc           N/A        N/A       100%        4
 Petrify                  Tmut/Erth      3%         N/A       100%        4
 Alistair's Intoxication  Tmut/Pois      2%         N/A       100%        5
 Blade Hands              Tmut           1%         N/A       100%        5
 Bolt of Magma            Conj/Fire/Erth 1%         4d4       100%        5
 Borgnjor's Vile Clutch   Necr/Erth      1%         N/A       100%        5
 Excruciating Wounds      Necr           1%         N/A       100%        5
 Iskenderun's Battlesphe  Conj           3%         2d6       100%        5
 Lee's Rapid Deconstruct  Erth           1%         3d5*      100%        5
 Metabolic Englaciation   Hex/Ice        1%         N/A       100%        5
 Silence                  Hex/Air        1%         N/A       100%        5
 Yara's Violent Unravell  Hex/Tmut       1%         3d3       100%        5
 Death Channel            Necr           1%         N/A       100%        6
 Eringya's Noxious Bog    Tmut/Pois      1%         N/A       100%        6
 Invisibility             Hex            1%         N/A       100%        6
 Iron Shot                Conj/Erth      1%         9d1       100%        6
 Statue Form              Tmut/Erth      2%         N/A       100%        6
 Dragon Form              Tmut           1%         N/A       100%        7
 Ozocubu's Refrigeration  Ice            1%         4d5       100%        7
 Spellforged Servitor     Conj/Summ      1%         N/A       100%        7
 Summon Hydra             Summ           1%         N/A       100%        7
 Discord                  Hex            1%         N/A       100%        8
 Lehudib's Crystal Spear  Conj/Erth      1%         10d2      100%        8


Dungeon Overview and Level Annotations

Branches:
Dungeon (15/15)            Temple (1/1) D:4            Lair (6/6) D:10
 Shoals (4/4) Lair:3        Snake (4/4) Lair:2        Slime (0/5) Lair:5
    Orc (2/2) D:12            Elf (0/3) Orc:2        Vaults (1/5) D:14
 Depths (0/5) D:15

Altars:
Ashenzari
Cheibriados
Dithmenos
Elyvilon
Fedhas
Gozag
Hepliaklqana
Kikubaaqudgha
Makhleb
Nemelex Xobeh
Okawaru
Qazlal
Ru
Sif Muna
Trog
Uskayaw
Vehumet
Wu Jian
Xom
Yredelemnul
Zin
The Shining One
Beogh
Jiyva

Shops:
D:8 ::[!   D:13 [=(??   D:15 (   Orc:2 *:(!:   Shoals:1 (   Shoals:2 (
Snake:1 !=(:

Annotations:
Lair:5 exclusion: 4 oklob plants


Innate Abilities, Weirdness & Mutations

You cannot be hasted, slowed, berserked, paralysed or teleported.
You can dig through walls and to a lower floor.
You have a pair of large antennae on your head. (SInv)
Your four strong arms can wield two-handed weapons with a shield.
[You are very frail. (-20% HP)]


Message History

You feel sick.
The starcursed mass shrieks in your mind.
* * * LOW HITPOINT WARNING * * *
You feel the corruption within you wane completely.
You feel robust. x2
You slash the starcursed mass! You freeze the starcursed mass.
You destroy the starcursed mass!
Qazlal accepts your kill.
The substance of the Abyss twists violently, and a gateway leading out appears!
You feel sick.
A small abomination comes into view.
You feel sick.
The wretched star pulses with an eldritch light!
You feel frail. x2
You pass through the gate.
Welcome back to the Vaults!
You feel sick.
You are no longer poisoned.
The ironbound beastmaster goads on nearby beasts.
You block the lindwurm's attack. x2; The lindwurm closely misses you. x2
The lindwurm claws you but does no damage.
The lindwurm claws you.
* * * LOW HITPOINT WARNING * * *
There is an open door, spattered with blood here.
You slash the ironbound beastmaster! You freeze the ironbound beastmaster.
The ironbound beastmaster is moderately wounded.
You block the ironbound beastmaster's attack.
The lindwurm bites you but does no damage.
The lindwurm claws you but does no damage.
You block the lindwurm's attack.
You barely miss the ironbound beastmaster.
The ironbound beastmaster is moderately wounded.
The ironbound beastmaster hits you with a +3 whip of distortion!
* * * LOW HITPOINT WARNING * * *
Space warps horribly around you!
* * * LOW HITPOINT WARNING * * *
The lindwurm breathes flames at you. The blast of flame misses you.
The lindwurm breathes flames at you. The blast of flame hits you!!
You die...

..# #.....# ..#
#.....############
..#
#.....#...........
###
#.....#...........
#.....#...........
#
#.....#...........
#
#...[.#..☼........
#
#....['...§.○○....
#
#.....#...@p.°....
#
#.....#####'######
# #.....#
#.k☼°.... #
#.....# #..°k$...
#.....# #........
#.....# #........
#.....# #........
#######.....#
#........
............#


You could see an ironbound beastmaster and 2 lindwurms.

Vanquished Creatures
  Vashnia (Snake:4)
  A profane servitor (Abyss:3)
  Jorgrun (Shoals:2)
  A quicksilver dragon (Abyss:3)
  Gastronok (Lair:1)
  Kirke (Lair:4)
  2 tentacled starspawn (Abyss:3)
  Agnes (D:15)
  A storm dragon (Shoals:4)
  Roxanne (D:15)
  4 nagarajas
  Aizul (Snake:2)
  4 vault wardens (Vaults:1)
  A deep elf elementalist (Abyss:3)
  5 ironbound preservers
  The ghost of mora the Impaler, a journeyman MfGl of Kikubaaqudgha (Lair:5)
  3 dire elephants
  A fire dragon (D:13)
  8 merfolk javelineers
  2 yaktaur captains
  A great orb of eyes (Vaults:1)
  5 merfolk impalers
  The ghost of Ymeruj the Severer, a journeyman MiBe of Trog (Lair:2)
  A rakshasa (D:13)
  Harold (D:8)
  11 hydras
  3 ironbound thunderhulks (Vaults:1)
  Erolcha (Orc:2)
  15 naga warriors
  5 ogre magi
  6 salamander tyrants
  A vault guard (Vaults:1)
  2 alligator snapping turtles (Shoals:1)
  4 catoblepae
  8 anacondas
  4 boulder beetles
  An alligator (Shoals:1)
  A death knight (D:14)
  6 centaur warriors
  7 merfolk aquamancers
  6 two-headed ogres
  5 merfolk avatars
  A death yak (Lair:5)
  3 satyrs
  3 ironbound frosthearts (Vaults:1)
  2 ironbound beastmasters (Vaults:1)
  An orc high priest (Orc:2)
  6 shock serpents
  11 naga sharpshooters
  Sonja (Lair:4)
  3 salamander mystics (Snake:4)
  A fire crab (Lair:6)
  3 skeletal warriors
  A goliath frog (Shoals:1)
  14 deep trolls (Vaults:1)
  13 sea snakes
  A death drake (Abyss:3)
  4 naga ritualists
  3 ironbound convokers (Vaults:1)
  2 orc knights
  3 deep elf pyromancers
  3 lindwurms
  10 harpies (Shoals:4)
  2 wizards
  12 mana vipers
  An oklob plant (Lair:3)
  6 orc sorcerers
  A wolf spider (D:14)
  15 salamanders
  A shining eye (Abyss:3)
  A salamander (shapeshifter) (D:11)
  11 manticores
  A moth of wrath (Lair:5)
  8 cyclopes
  14 fauns
  24 elephants
  4 guardian serpents
  21 ugly things
  36 black mambas
  10 merfolk sirens
  11 naga magi
  A smoke demon (Abyss:3)
  4 vault sentinels (Vaults:1)
  10 water nymphs
  2 guardian serpents (shapeshifter) (D:11)
  A torpor snail (Lair:6)
  9 cane toads
  Psyche (D:11)
  A rime drake (Lair:6)
  A kobold demonologist (D:10)
  A freezing wraith (D:14)
  3 efreet
  6 yaktaurs
  13 komodo dragons
  12 polar bears
  A troll (shapeshifter) (D:15)
  3 meliai (D:14)
  11 trolls
  22 merfolk
  10 wind drakes
  2 hornets
  22 blink frogs
  A slime creature (shapeshifter) (D:15)
  12 dream sheep
  11 snapping turtles
  3 raiju (Lair:6)
  9 slime creatures
  5 spriggans (Lair:5)
  8 air elementals (Shoals:4)
  5 wraiths
  4 shadows
  3 wyverns
  37 yaks
  A ynoxinul (Abyss:3)
  Sigmund (D:3)
  3 hogs (Lair:4)
  8 basilisks
  28 water elementals
  Eustachio (D:5)
  A human (D:12)
  Grum (D:8)
  3 steam dragons
  A small abomination (Abyss:3)
  Edmund (D:4)
  7 wargs
  7 vampire mosquitoes
  48 nagas
  3 acid dragons
  16 water moccasins
  14 hell hounds (Lair:6)
  A large abomination (Abyss:3)
  A sky beast (D:5)
  16 orc warriors
  A hornet zombie (D:9)
  12 black bears
  A boggart (D:11)
  7 ogres
  35 wolves
  8 centaurs
  5 kobold brigands
  17 bullfrogs
  A gnoll sergeant (D:11)
  3 scorpions
  A water moccasin skeleton (D:7)
  10 killer bees
  8 wights
  3 electric eels
  3 howler monkeys (D:11)
  9 centaur zombies
  7 crimson imps (D:12)
  11 starcursed masses (Abyss:3)
  Crazy Yiuf (D:7)
  3 jellies
  2 bullfrog skeletons
  11 orc priests
  4 hounds
  3 centaur skeletons
  32 orc wizards
  An iguana (D:4)
  A hound zombie (D:5)
  A hound skeleton (D:4)
  7 gnolls
  8 adders
  A howler monkey skeleton (D:5)
  5 white imps
  An ufetubus (D:6)
  An adder zombie (D:4)
  2 worms
  5 dart slugs
  57 orcs
  8 ball pythons
  4 bats
  8 endoplasms
  2 giant cockroaches
  9 goblins
  3 hobgoblins
  6 jackals
  36 kobolds
  3 quokkas
  A ball python skeleton (D:3)
  6 frilled lizards
  8 rats
  3 butterflies
  4 starspawn tentacles (Abyss:3)
1189 creatures vanquished.

Vanquished Creatures (others)
  A shadow (D:11)
  A human (D:9)
  An orc wizard (D:7)
  A bush (Lair:6)
  10 fungi
  88 plants
  2 starspawn tentacles (Abyss:3)
104 creatures vanquished.

Grand Total: 1293 creatures vanquished

Notes
Turn   | Place    | Note
-------+----------+-------------------------------------------
     0 | D:1      | Delamore the Formicid Fighter began the quest for the Orb.
     0 | D:1      | Reached XP level 1. HP: 18/18 MP: 1/1
   185 | D:1      | Reached XP level 2. HP: 24/24 MP: 2/2
   351 | D:1      | Reached XP level 3. HP: 30/30 MP: 3/3
   660 | D:1      | Found a faded altar of an unknown god.
   816 | D:2      | Reached XP level 4. HP: 16/37 MP: 4/4
  2587 | D:3      | Noticed Sigmund
  2617 | D:3      | You fall into a shaft and drop 2 floors!
  2617 | D:5      | Entered Level 5 of the Dungeon
  2875 | D:5      | Reached XP level 5. HP: 38/43 MP: 5/5
  3038 | D:5      | Noticed a sky beast
  3056 | D:5      | Killed a sky beast
  3057 | D:5      | Reached skill level 5 in Fighting
  3057 | D:5      | Reached skill level 5 in Staves
  3057 | D:5      | Reached XP level 6. HP: 38/51 MP: 6/6
  3129 | D:5      | Noticed Eustachio
  3146 | D:5      | Killed Eustachio
  3147 | D:5      | Reached XP level 7. HP: 37/56 MP: 7/7
  3332 | D:4      | Found a staircase to the Ecumenical Temple.
  3342 | Temple   | Entered the Ecumenical Temple
  3631 | D:4      | Noticed Edmund
  3639 | D:4      | Reached skill level 1 in Evocations
  3649 | D:4      | Killed Edmund
  4067 | D:3      | Killed Sigmund
  4068 | D:3      | Reached XP level 8. HP: 37/62 MP: 8/8
  4216 | D:3      | Found a glowing silver altar of Zin.
  4218 | D:3      | Found a burning altar of Makhleb.
  4218 | D:3      | Found a blossoming altar of Fedhas.
  4221 | D:3      | Found a snail-covered altar of Cheibriados.
  4221 | D:3      | Found a shimmering altar of Xom.
  4221 | D:3      | Found an iron altar of Okawaru.
  4693 | D:4      | Found a radiant altar of Vehumet.
  6016 | D:5      | Reached XP level 9. HP: 68/68 MP: 9/9
  6273 | D:5      | Found a snail-covered altar of Cheibriados.
  6440 | D:6      | Identified the +4 dagger of Unpleasantness {vorpal, rElec
                  | rF+ Dex+4}
  6861 | D:6      | Reached skill level 10 in Staves
  9457 | D:7      | Found a sparkling altar of Nemelex Xobeh.
  9473 | D:7      | Found a bloodstained altar of Trog.
  9473 | D:7      | Found a stormy altar of Qazlal.
  9473 | D:7      | Found a shadowy altar of Dithmenos.
  9473 | D:7      | Found an iron altar of Okawaru.
  9474 | D:7      | Found a burning altar of Makhleb.
  9481 | D:7      | Found a basalt altar of Yredelemnul.
  9486 | D:7      | Became a worshipper of Qazlal Stormbringer
  9548 | D:7      | Found a runed translucent door.
  9549 | D:7      | Noticed Crazy Yiuf
  9559 | D:7      | Killed Crazy Yiuf
  9562 | D:7      | Identified the +4 mace of Oxkov {freeze, *Corrode rF+
                  | Will+}
  9678 | D:8      | Identified the +4 quarterstaff "Peuffy" {venom, rN+}
  9682 | D:8      | Noticed Grum
  9881 | D:8      | Reached XP level 10. HP: 74/74 MP: 10/10
  9903 | D:8      | Killed Grum
 10250 | D:7      | Reached * piety under Qazlal
 10878 | D:8      | Found Bixiffeth's Distillery.
 11012 | D:8      | Bought a potion of heal wounds for 50 gold pieces
 11012 | D:8      | Bought a potion of heal wounds for 50 gold pieces
 11012 | D:8      | Bought a potion of heal wounds for 50 gold pieces
 11012 | D:8      | Bought a potion of curing for 30 gold pieces
 11012 | D:8      | Bought a potion of curing for 30 gold pieces
 11147 | D:8      | Found Ukenehy's Book Boutique.
 11182 | D:8      | Found Vogg's Book Shoppe.
 11226 | D:8      | Found Widwaepp's Antique Armour Shop.
 11246 | D:8      | Noticed Harold
 11260 | D:8      | Killed Harold
 11502 | D:8      | Found a glowing silver altar of Zin.
 11560 | D:8      | Found an opulent altar of Gozag.
 11792 | D:9      | Reached skill level 1 in Invocations
 12211 | D:9      | Reached XP level 11. HP: 66/79 MP: 12/12
 12583 | D:9      | Reached skill level 5 in Shields
 12798 | D:9      | Reached ** piety under Qazlal
 12968 | D:9      | Noticed a two-headed ogre
 12976 | D:9      | Killed a two-headed ogre
 12977 | D:9      | Reached skill level 5 in Armour
 12977 | D:9      | Reached skill level 5 in Evocations
 13326 | D:9      | Found an ancient bone altar of Kikubaaqudgha.
 13576 | D:10     | Entered Level 10 of the Dungeon
 13897 | D:10     | Reached skill level 5 in Invocations
 14149 | D:10     | Found a staircase to the Lair.
 14423 | D:10     | Noticed a two-headed ogre
 14434 | D:10     | Killed a two-headed ogre
 14942 | D:10     | Noticed a cyclops
 14955 | D:10     | Killed a cyclops
 15070 | D:11     | Reached XP level 12. HP: 86/86 MP: 15/15
 15282 | D:11     | Cast into level 2 of the Abyss (a wizard)
 15314 | D:11     | Escaped the Abyss
 15331 | D:11     | Noticed a four-headed hydra
 15342 | D:11     | Killed a four-headed hydra
 15348 | D:11     | Noticed a boulder beetle
 15585 | D:11     | Identified the +3 scale mail of Sire {Fly rN+ rCorr}
 15662 | D:11     | Reached skill level 10 in Shields
 16050 | D:11     | Noticed a yaktaur captain
 16076 | D:11     | Killed a yaktaur captain
 16084 | D:11     | Reached skill level 10 in Armour
 16089 | D:11     | Reached *** piety under Qazlal
 16135 | D:11     | Reached XP level 13. HP: 19/91 MP: 16/16
 16318 | D:11     | Identified the ring "Agiottas" {rPois Will+ Dex+6 SInv}
 16515 | D:11     | Noticed an ogre mage
 16523 | D:11     | Killed an ogre mage
 16654 | D:11     | Noticed an eight-headed hydra
 16661 | D:11     | Killed an eight-headed hydra
 16661 | D:11     | Noticed a catoblepas
 16682 | D:11     | Killed a catoblepas
 17082 | D:11     | Noticed a boulder beetle
 17090 | D:11     | Killed a boulder beetle
 17092 | D:11     | Noticed a centaur warrior
 17103 | D:11     | Killed a centaur warrior
 17104 | D:11     | Reached skill level 15 in Shields
 17530 | D:11     | Noticed a seven-headed hydra
 17536 | D:11     | Killed a seven-headed hydra
 17856 | D:11     | Noticed a boulder beetle
 17861 | D:11     | Noticed Psyche
 17869 | D:11     | Killed a boulder beetle
 17873 | D:11     | Killed Psyche
 18242 | D:8      | Bought a pair of embroidered gloves for 210 gold pieces
 18242 | D:8      | Bought a glowing scarf for 224 gold pieces
 18574 | Lair:1   | Entered Level 1 of the Lair of Beasts
 18607 | Lair:1   | Reached **** piety under Qazlal
 18634 | Lair:1   | Noticed Gastronok
 18653 | Lair:1   | Killed Gastronok
 18654 | Lair:1   | Reached XP level 14. HP: 36/98 MP: 16/18
 19645 | Lair:2   | Found a staircase to the Snake Pit.
 19968 | Lair:2   | Found a runed translucent gate.
 19968 | Lair:2   | Found a runed translucent gate.
 19968 | Lair:2   | Found a runed translucent gate.
 20521 | Lair:2   | Noticed Ymeruj's ghost (journeyman MiBe)
 21002 | Lair:2   | Killed Ymeruj's ghost
 21701 | Lair:3   | Identified the amulet "Affum" {Spirit rN+ Regen+}
 22188 | Lair:3   | Found a staircase to the Shoals.
 22449 | Lair:4   | Noticed Sonja
 22476 | Lair:4   | Killed Sonja
 22522 | Lair:4   | Noticed Kirke
 22542 | Lair:4   | Killed Kirke
 22663 | Lair:4   | Reached ***** piety under Qazlal
 23382 | Lair:5   | Found a viscous altar of Jiyva.
 23383 | Lair:5   | Found a staircase to the Slime Pits.
 23404 | Lair:5   | Reached XP level 15. HP: 112/112 MP: 21/21
 23553 | Lair:5   | Noticed mora's ghost (journeyman MfGl)
 23618 | Lair:5   | Found a transporter.
 23621 | Lair:5   | Found a transporter.
 24349 | Lair:5   | Identified a scroll of acquirement
 24350 | Lair:5   | Acquired 735 gold pieces
 24469 | Lair:5   | Reached skill level 10 in Invocations
 24604 | Lair:5   | Killed mora's ghost
 24615 | Lair:5   | Found a bloodstained altar of Trog.
 24699 | Lair:6   | Entered Level 6 of the Lair of Beasts
 24841 | Lair:6   | Reached skill level 10 in Fighting
 24841 | Lair:6   | Reached skill level 10 in Evocations
 25143 | Lair:6   | Reached ****** piety under Qazlal
 25340 | Lair:6   | Acquired 582 gold pieces
 25516 | Lair:6   | Reached XP level 16. HP: 117/126 MP: 22/25
 26699 | D:12     | Found a staircase to the Orcish Mines.
 26882 | D:12     | Identified the +5 hand axe of Death {drain, rC+}
 27174 | Orc:1    | Entered Level 1 of the Orcish Mines
 27609 | Orc:2    | Entered Level 2 of the Orcish Mines
 27758 | Orc:2    | Found a staircase to the Elven Halls.
 27958 | Orc:2    | Found Tauteuk's Book Shoppe.
 28029 | Orc:2    | Found an ancient bone altar of Kikubaaqudgha.
 28180 | Orc:2    | Found Cum Witu's Distillery.
 28198 | Orc:2    | Noticed Erolcha
 28212 | Orc:2    | Killed Erolcha
 28218 | Orc:2    | Found Immast's Antique Weapon Shoppe.
 28300 | Orc:2    | Found Cupatom's Book Emporium.
 28324 | Orc:2    | Found a radiant altar of Vehumet.
 28493 | Orc:2    | Found Selaemn's General Store.
 28500 | Orc:2    | Bought a scroll of magic mapping for 45 gold pieces
 29096 | D:13     | Found Riciwo's Magic Scroll Boutique.
 29115 | D:13     | Found Qopuigin's Magic Scroll Shop.
 29129 | D:13     | Bought a scroll of enchant weapon for 112 gold pieces
 29311 | D:13     | Found Badgha's Jewellery Boutique.
 29329 | D:13     | Found Ythuetz's Antique Weapon Boutique.
 29545 | D:13     | Found Fachafah's Armour Emporium.
 29548 | D:13     | Bought a +0 tower shield for 54 gold pieces
 29885 | D:14     | Reached XP level 17. HP: 138/138 MP: 28/28
 30153 | D:14     | You are sucked into a shaft and drop 1 floor!
 30153 | D:15     | Entered Level 15 of the Dungeon
 30156 | D:15     | Noticed Agnes
 30164 | D:15     | Killed Agnes
 30165 | D:15     | Reached skill level 15 in Invocations
 30364 | D:15     | Reached skill level 15 in Fighting
 30446 | D:15     | Identified Roxanne's Volume of Changing
 30446 | D:15     | Noticed Roxanne
 30620 | D:15     | Found a staircase to the Depths.
 30756 | D:15     | Found Xori's Antique Weapon Shop.
 30996 | D:15     | Killed Roxanne
 30997 | D:15     | Reached skill level 1 in Dodging
 31098 | D:14     | Found a gate to the Vaults.
 31529 | Snake:1  | Entered Level 1 of the Snake Pit
 31608 | Snake:1  | Found Nustuuk's Antique Weapon Shop.
 31612 | Snake:1  | Found Uchieho's Book Shop.
 31612 | Snake:1  | Found Ecsydokk's Distillery.
 31615 | Snake:1  | Found Heebeuj's Jewellery Boutique.
 32835 | Snake:2  | Reached XP level 18. HP: 91/149 MP: 15/29
 32979 | Snake:2  | Noticed Aizul
 32986 | Snake:2  | Killed Aizul
 32987 | Snake:2  | Reached skill level 1 in Spellcasting
 33004 | Snake:2  | You are sucked into a shaft and drop 1 floor!
 34815 | Snake:4  | Entered Level 4 of the Snake Pit
 34931 | Snake:4  | Noticed Vashnia
 35227 | Snake:4  | Reached skill level 1 in Throwing
 35308 | Snake:4  | Killed Vashnia
 35309 | Snake:4  | Reached skill level 5 in Dodging
 35657 | Snake:4  | Reached skill level 15 in Staves
 35678 | Snake:4  | Reached XP level 19. HP: 77/157 MP: 9/31
 36106 | Snake:4  | Got a serpentine rune of Zot
 36966 | Orc:2    | Bought a glowing lajatang for 702 gold pieces
 37257 | Shoals:1 | Entered Level 1 of the Shoals
 37387 | Shoals:1 | Reached skill level 5 in Spellcasting
 37653 | Shoals:1 | Found Imuga's Antique Weapon Shop.
 38445 | Shoals:2 | Noticed Jorgrun
 38452 | Shoals:2 | Killed Jorgrun
 38547 | Shoals:1 | Acquired the +3 plate armour of the Original Sin {Regen+}
 39091 | Shoals:2 | Found Emu Lexe's Firing Range.
 39101 | Shoals:2 | Bought 2 throwing nets for 102 gold pieces
 40461 | Shoals:4 | Entered Level 4 of the Shoals
 40634 | Shoals:4 | Identified the +12 hand crossbow "Xecac" {penet, rN++}
 40648 | Shoals:4 | Reached XP level 20. HP: 44/166 MP: 6/32
 40869 | Shoals:4 | Identified the amulet "Nuollett" {Faith Drain rPois rF++
                  | Int+9 Dex-4}
 40887 | Shoals:4 | Reached skill level 5 in Throwing
 40951 | Shoals:4 | Got a barnacled rune of Zot
 42187 | Vaults:1 | Entered Level 1 of the Vaults
 42336 | Vaults:1 | Identified the +10 rapier of the Spider {venom, +Rage rN+
                  | Str+4 Int-2}
 42969 | Vaults:1 | Reached XP level 21. HP: 174/174 MP: 30/33
 43060 | Vaults:1 | Cast into level 3 of the Abyss (ironbound beastmaster)
 43121 | Abyss:3  | Noticed a profane servitor
 43173 | Abyss:3  | Killed a profane servitor
 43176 | Vaults:1 | Escaped the Abyss
 43179 | Vaults:1 | Killed from afar by a lindwurm

Illustrated notes

Levels and vault maps discovered:
D:1:      lightli_arrival_chessboard, layout_rooms,
          hellmonk_ecumenical_altar_defaced_shrine, minmay_tetromino_l4
D:2:      layout_loops_ring, minmay_goblin_kobold_house
D:3:      minmay_inner_zag, layout_loops_cross, doesnt_xom_only_xom,
          uniq_sigmund
D:4:      kennysheep_spiral_hall, layout_loops_corners,
          mainiacjoe_overflow_boulevard, minmay_temple_entry_waves,
          chequers_mini_garden, eino_small_chamber_without_monster,
          hangedman_decor_points, uniq_edmund
D:5:      layout_cave_pools, general_overflow_altar, uniq_eustachio
D:6:      layout_loops_ring
D:7:      layout_gridville, minitemple, lightli_minifort,
          uniq_crazy_yiuf_cottage
D:8:      layout_basic, pdpol_temple_overflow_zin_treasury_gozag_greed,
          serial_shops, nicolae_take_the_stairs, nicolae_diamond_shop,
          nicolae_lakefront_shop, shop, minmay_misc_feat_enclosed,
          ebering_dispersal_statue_hall, uniq_grum, uniq_harold
D:9:      layout_loops_ring, tgw_kikubaaqudgha, kennysheep_small_circle
D:10:     layout_irregular_city, erik_lair_dragon
D:11:     minmay_the_grid_square_5x5_5x5 [minmay_the_grid_square_5x5_minibox,
          minmay_the_grid_square_5x5_minivault,
          minmay_the_grid_square_5x5_hollow_slash,
          minmay_the_grid_square_5x5_one_wall,
          minmay_the_grid_square_5x5_longway,
          minmay_the_grid_square_5x5_hourglass,
          minmay_the_grid_square_5x5_prize_open,
          minmay_the_grid_square_5x5_spiral_small,
          minmay_the_grid_square_5x5_prize_waves,
          minmay_the_grid_square_5x5_half_checkered,
          minmay_the_grid_square_5x5_tetrominoes,
          minmay_the_grid_square_5x5_intrusive_squares,
          minmay_the_grid_square_5x5_prize_junk,
          minmay_the_grid_square_5x5_checkered_statues,
          minmay_the_grid_square_5x5_six, minmay_the_grid_square_5x5_empty,
          minmay_the_grid_square_5x5_prize_deathbox,
          minmay_the_grid_square_5x5_lines,
          minmay_the_grid_square_5x5_prize_monsterx,
          minmay_the_grid_square_5x5_v, minmay_the_grid_square_5x5_c,
          minmay_the_grid_square_5x5_mess, minmay_the_grid_square_5x5_checkered,
          minmay_the_grid_square_5x5_bridge, minmay_the_grid_square_5x5_tie],
          layout_cave_pools, serial_rivers, chequers_serial_rivers_large_a,
          chequers_serial_rivers_room_b, chequers_serial_rivers_micro_e,
          chequers_serial_rivers_marsh, uniq_psyche
D:12:     layout_roguey, erik_orc_4, statue_in_the_mist_lemuel, minivault_1,
          minmay_nine_imps
D:13:     layout_roguey, serial_shops, nicolae_shop_crystal,
          nicolae_shop_behind_doors, nicolae_square_shop, shop, kennysheep_mini,
          drop_trap
D:14:     layout_long_grid, skrybe_vaults_entry_preservation,
          chequers_serial_rivers_small_a
D:15:     hangedman_depths_entry_try_elsewhere_first, layout_rooms,
          serial_shops, shop, serial_curves, eino_curves_01, eino_curves_04,
          uniq_agnes, uniq_roxanne
Temple:   jpeg_temple_island
Lair:1:   layout_gridlike, wad_woods_road_04, lemuel_fruit_fields,
          uniq_gastronok
Lair:2:   layout_regular_city, guppyfry_snake_entry_garden,
          gammafunk_ghost_hydra_chop, infiniplex_staircase_pool_2
Lair:3:   layout_hall_layers, minmay_shoals_entry_lonely_mermaid,
          minmay_lair_oklob_items, grunt_megastairs_5
Lair:4:   layout_gridlike, uniq_kirke, uniq_sonja
Lair:5:   layout_cellular_growth, slime_altar_1,
          gammafunk_ghost_wrathful_warriors, minmay_lair_oklob_chamber
Lair:6:   hangedman_lair_caniforms_friends, layout_gridlike, lemuel_fruit_fields
Shoals:1: layout_shoals, serial_shops, shop, nicolae_shoals_goliath_grotto
Shoals:2: layout_shoals, nicolae_shop_firing_range, uniq_jorgrun
Shoals:3: layout_shoals, nicolae_shoals_water_shrine
Shoals:4: shoals_end_hellmonk_storm_palace [storm_palace_center_circular,
          storm_palace_corner_pillars, storm_palace_corner_pillars,
          storm_palace_corner_blocked, storm_palace_corner_grid]
Snake:1:  layout_grid_maze, nrook_guardian_serpent_double, minmay_shoptagon
Snake:2:  layout_misc_corridors, serial_bayou_shore_b, uniq_aizul
Snake:3:  layout_chambers, serial_bayou, serial_bayou_pond_e,
          serial_bayou_ford_a, serial_bayou_pond_e, serial_bayou_shore_a,
          grunt_ministairs_6
Snake:4:  minmay_snake_end_coiled, layout_cave_town, uniq_vashnia
Orc:1:    layout_diamond_mine, nicolae_orc_flooded_monolith
Orc:2:    kennysheep_orc_mage_school, layout_caves, serial_shops, shop,
          minmay_orc_temple_a
Vaults:1: nicolae_vaults_three_branches, v_misc_8, v_misc_28,
          nicolae_vaults_hallways_thing, nicolae_vaults_border_crossing,
          ontoclasm_vaults_eye, v_misc_26, vaults_mumra_lcd, vaults_room_grid,
          ontoclasm_vaults_gateway, dpeg_vaults_monster_row, layout_vaults_ring

Skill      XL: |  1  2  3  4  5  6  7  8  9 10 11 12 13 14 15 16 17 18 19 20 21 |
---------------+----------------------------------------------------------------+-----
Staves         | 3 4 5 6 7 9 12 14 15 16 | 16.0
Fighting       | 4 5 8 11 13 15 16 17 | 17.1
Evocations     | 2 3 5 8 10 | 10.0
Invocations    | 1 5 9 12 14 15 16 17 | 17.5
Shields        | 4 8 11 15 | 15.8
Armour         | 7 10 11 12 13 | 13.4
Dodging        | 3 5 6 7 8 |  8.1
Spellcasting   | 4 6 7 |  7.8
Throwing       | 2 4 6 |  6.9

Action                   |  1- 3 |  4- 6 |  7- 9 | 10-12 | 13-15 | 16-18 | 19-21 || total
-------------------------+-------+-------+-------+-------+-------+-------+-------++-------
Melee: Quarterstaff      |    98 |   107 |   414 |   558 |  1202 |   213 |       ||  2592
       Unarmed           |       |     4 |     3 |       |       |       |       ||     7
       Lajatang          |       |       |       |       |    52 |  1100 |   920 ||  2072
Throw: Dart              |       |       |     5 |     4 |       |       |       ||     9
       Boomerang         |       |       |       |       |       |     1 |       ||     1
Invok: Upheaval          |       |       |       |     1 |       |       |       ||     1
       Elemental Force   |       |       |       |       |     1 |       |       ||     1
       Disaster Area     |       |       |       |       |       |     6 |     8 ||    14
 Abil: Dig               |       |     3 |    10 |     3 |     3 |     2 |     1 ||    22
       Shaft Self        |       |     1 |       |       |       |       |       ||     1
Evoke: Wand              |       |     2 |     6 |     4 |     3 |       |       ||    15
       Tin of tremorston |       |       |       |       |     2 |     1 |     2 ||     5
  Use: Scroll            |     3 |     6 |     7 |       |    14 |     4 |     5 ||    39
       Potion            |       |     1 |     3 |     1 |     1 |       |     2 ||     8
 Stab: Paralysed         |       |     5 |    12 |       |       |       |       ||    17
       Confused          |       |     1 |       |       |       |       |       ||     1
       Petrified         |       |       |       |     3 |       |       |       ||     3
Armor: Scale mail        |    43 |    37 |    58 |    17 |   219 |   271 |    73 ||   718
       Skin              |       |     1 |       |       |       |       |       ||     1
       Chain mail        |       |       |    90 |    97 |       |       |       ||   187
       Plate armour      |       |       |       |       |       |       |    74 ||    74
Dodge: Dodged            |    30 |    45 |    97 |    81 |   173 |   251 |   200 ||   877
       Repelled          |       |       |       |       |       |    18 |     9 ||    27
Block: Kite shield       |    51 |    53 |   224 |   335 |  1072 |   662 |       ||  2397
       Reflection        |       |       |       |     3 |     5 |       |       ||     8
       Tower shield      |       |       |       |       |       |   954 |  1015 ||  1969

Table legend: (Time is in decaauts)
 A = Elapsed time spent in this place.
 B = Non-inter-level travel time spent in this place.
 C = Inter-level travel time spent in this place.
 D = Time resting spent in this place.
 E = Time spent auto-exploring this place.
 F = Levels seen in this place.
 G = Mean time per level.
                   A        B        C        D        E       F      G
               +--------+--------+--------+--------+--------+-----+--------+
         Total |  42014 |  38926 |   3088 |   7987 |  24131 |  35 | 1200.4 |
       Dungeon |  21901 |  20180 |   1721 |   6008 |  11210 |  15 | 1460.1 |
        Temple |    270 |    244 |     26 |      0 |    243 |   1 |  270.0 |
          Lair |   7546 |   7062 |    484 |    710 |   5042 |   6 | 1257.7 |
        Shoals |   4497 |   4252 |    245 |    453 |   2835 |   4 | 1124.2 |
     Snake Pit |   5046 |   4823 |    223 |    751 |   3199 |   4 | 1261.5 |
  Orcish Mines |   1812 |   1424 |    388 |     65 |    996 |   2 |  906.0 |
        Vaults |    810 |    810 |      0 |      0 |    562 |   1 |  810.0 |
         Abyss |    127 |    127 |      0 |      0 |     44 |   2 |   63.5 |
               +--------+--------+--------+--------+--------+-----+--------+

Top non-repeatable levels by time:
     D:7: 3050 daAuts
    D:11: 3027 daAuts
     D:5: 2053 daAuts
    D:10: 1930 daAuts
 Snake:3: 1852 daAuts
     D:8: 1682 daAuts
     D:9: 1641 daAuts
     D:4: 1544 daAuts
  Lair:1: 1403 daAuts
  Lair:3: 1400 daAuts
  Lair:6: 1319 daAuts
     D:3: 1291 daAuts
  Lair:5: 1289 daAuts
 Snake:4: 1267 daAuts
  Lair:2: 1247 daAuts
